 Dungeon Crawl Stone Soup version 0.21.0 (webtiles) character file.

40791 Gorglomux the Protected (level 13, -4/123 HPs)
             Began as a Deep Dwarf Fighter on Jan 5, 2018.
             Was a High Priest of Makhleb.
             Slain by an orc warrior
             ... wielding a +0 hand axe of flaming
              (11 damage)
             ... on level 11 of the Dungeon.
             The game lasted 00:13:10 (13756 turns).

Gorglomux the Protected (Deep Dwarf Fighter)       Turns: 13756, Time: 00:13:11

Health: -4/123     AC: 20    Str: 24    XL:     13   Next: 76%
Magic:  0/0        EV: 13    Int: 12    God:    Makhleb [*****.]
Gold:   1208       SH: 12    Dex: 12    Spells: 12/12 levels left

rFire    . . .     SeeInvis .   a - +0 broad axe
rCold    . . .     Gourm    .   c - +0 shield
rNeg     . . .     Faith    .   J - +0 chain mail
rPois    .         Spirit   .   I - +2 helmet
rElec    +         Reflect  .   U - +0 cloak
rCorr    .         Harm     .   m - +2 pair of gloves
MR       ++...                  (no boots)
Stlth    ..........             (no amulet)
HPRegen  0.00/turn              i - ring "Zom Fuly" {rElec MR+ Int+2 Stlth+}
MPRegen  0.07/turn              x - ring of wizardry

@: non-regenerating, slowed, drained, very slow
A: damage resistance, heal wounds, sense surroundings 2, no regeneration
a: Heal Wounds, Minor Destruction, Lesser Servant of Makhleb, Major Destruction,
Greater Servant of Makhleb, Renounce Religion


You were on level 11 of the Dungeon.
You worshipped Makhleb.
Makhleb was extremely pleased with you.
You were hungry.

You visited 3 branches of the dungeon, and saw 18 of its levels.

You collected 1376 gold pieces.
You spent 168 gold pieces at shops.

Inventory:

Hand Weapons
 a - a +0 broad axe (weapon)
 b - a +0 scimitar of flaming
 k - a +1 war axe
Armour
 c - a +0 shield (worn)
 m - a +2 pair of gloves (worn)
 I - a +2 helmet (worn)
 J - a +0 chain mail (worn)
 U - a +0 cloak (worn)
Jewellery
 i - the ring "Zom Fuly" (left hand) {rElec MR+ Int+2 Stlth+}
   (You found it on level 11 of the Dungeon)

   [ring of protection from magic]

   It affects your intelligence (+2).
   It insulates you from electricity.
   It affects your resistance to hostile enchantments.
   It makes you more stealthy.
 j - a +3 ring of strength
 p - a +3 ring of dexterity
 x - a ring of wizardry (right hand)
 W - a +1 ring of evasion
Wands
 A - a wand of acid (9)
 E - a wand of enslavement (22)
 P - a wand of paralysis (11)
Scrolls
 q - 9 scrolls of remove curse
 r - a scroll of enchant armour
 w - a scroll of summoning
 y - 4 scrolls of immolation
 B - a scroll of blinking
 F - a scroll of enchant weapon
 M - 3 scrolls of magic mapping
 R - 9 scrolls of identify
 T - 8 scrolls of teleportation
 V - 6 scrolls of fear
Potions
 d - 5 potions of might
 l - 2 potions of agility
 t - a potion of magic
 v - 2 potions of brilliance
 z - 2 potions of heal wounds
 C - a potion of mutation {!q}
 G - 3 potions of flight
 H - a potion of degeneration
 N - a potion of resistance
 Q - 12 potions of curing
 S - 3 potions of ambrosia
 X - a potion of cancellation
 Z - a potion of haste
Books
 o - a book of Debilitation

   Spells                             Type                      Level
   a - Corona                         Hexes                        1
   b - Slow                           Hexes                        2
   c - Inner Flame                    Hexes/Fire                   3
   d - Portal Projectile              Hexes/Translocation          3
   e - Cause Fear                     Hexes                        4
   f - Leda's Liquefaction            Hexes/Earth                  4
 s - a book of Conjurations

   Spells                             Type                      Level
   a - Magic Dart                     Conjuration                  1
   b - Searing Ray                    Conjuration                  2
   c - Dazzling Spray                 Conjuration/Hexes            3
   d - Fulminant Prism                Conjuration/Hexes            4
   e - Force Lance                    Conjuration/Translocation    4
   f - Iskenderun's Mystic Blast      Conjuration                  4
 u - a book of Air

   Spells                             Type                      Level
   a - Shock                          Conjuration/Air              1
   b - Swiftness                      Charms/Air                   2
   c - Static Discharge               Conjuration/Air              3
   d - Airstrike                      Air                          4
   e - Lightning Bolt                 Conjuration/Air              5
 D - a book of Maledictions

   Spells                             Type                      Level
   a - Corona                         Hexes                        1
   b - Ensorcelled Hibernation        Hexes/Ice                    2
   c - Confuse                        Hexes                        3
   d - Tukima's Dance                 Hexes                        3
   e - Dazzling Spray                 Conjuration/Hexes            3
 L - a book of Minor Magic

   Spells                             Type                      Level
   a - Magic Dart                     Conjuration                  1
   b - Blink                          Translocation                2
   c - Call Imp                       Summoning                    2
   d - Slow                           Hexes                        2
   e - Conjure Flame                  Conjuration/Fire             3
   f - Mephitic Cloud                 Conjuration/Poison/Air       3
 O - a book of Spatial Translocations

   Spells                             Type                      Level
   a - Blink                          Translocation                2
   b - Shroud of Golubria             Charms/Translocation         2
   c - Lesser Beckoning               Translocation                3
   d - Gell's Gravitas                Translocation                3
   e - Teleport Other                 Translocation                3
   f - Passage of Golubria            Translocation                4
Miscellaneous
 Y - a lamp of fire
Comestibles
 f - 30 rations
 K - 15 chunks of flesh


   Skills:
 + Level 9.8(9.3) Fighting
 + Level 11.3(10.8) Axes
 + Level 11.4(11.0) Armour
 + Level 11.0(10.5) Dodging
 + Level 11.4(11.0) Shields
 + Level 11.4(11.0) Invocations


You had 12 spell levels left.
You didn't know any spells.

Dungeon Overview and Level Annotations

Branches:
Dungeon (11/15)            Temple (1/1) D:6            Lair (6/6) D:8
 Shoals (0/4) Lair:4       Spider (0/4) Lair:2        Slime (0/5) Lair:6
    Orc: D:9-12

Altars:
Ashenzari
Dithmenos
Elyvilon
Gozag
Hepliaklqana
Makhleb
Nemelex Xobeh
Okawaru
Ru
Sif Muna
Trog
Uskayaw
Wu Jian
Xom
Yredelemnul
Zin
The Shining One
Jiyva

Shops:
D:5 *   D:8 *   D:10 :

Annotations:
Lair:5 exclusion: 2 oklob plants
Lair:6 2 runed doors


Innate Abilities, Weirdness & Mutations

You are resistant to damage.
You can heal yourself by infusing magical energy.
You passively map the area around you.
You do not regenerate.


Message History

The crimson imp shouts!!!
You open the orc butt like a pillowcase!!!!!!
The orc warrior is almost dead!
You open the killer bee like a pillowcase!
You miss the killer bee! You closely miss the orc warrior!
You completely miss the yak! You block the killer bee's attack!
You block the butt butt's attack! You block the orc warrior's attack!
You block the killer bee's attack!
The orc priest invokes the aid of Beogh against you!
Beogh smites you!!! * * * don't die
* * * The yak butts you! * * * don't die
* * * Your smoke demon hits the killer bee!!!
The killer bee dies!!!
Makhleb roars: ANNIHILATED!
The killer bee stings you but does no damage!
The orc wizard miscasts a cantrip!
The orc warrior hits you with a hand axe of butt!!! rip

, , * * , #.# , , ...
.......# * ,, #.. , , ..
.......# , ,,### , , #..
......# #......... , ,
.##.. !....# #......... ,
, ....gY #.[..# #....#####
, , ,...ooY##....#
#....#.... , ...oooo†3...#
#....#....
,,...oYYY@....###....#....
,, ,
....looy##.........##### ,
, ....o5Yo##..###.........
, ,
.....oooy.....#'##..#### ,
,.............[...#..#...
, .......##........#..#...
.5..... #........#..#...
,,
.................#..#...
,,, *,...........#..#...


You could see 6 yaks, 2 orc warriors, an iguana, 2 killer bees, 2 orc priests, 2
orc wizards, a crimson imp, a shadow imp, 8 orcs, a hobgoblin and a friendly
smoke demon.

Vanquished Creatures
  A fire dragon (Lair:6)
  5 hydras
  Erica (Lair:1)
  A death knight (D:11)
  2 two-headed ogres
  Urug (D:10)
  A skeletal warrior (D:11)
  A swamp dragon (Lair:6)
  An unseen horror (D:11)
  A phantasmal warrior (D:11)
  A cyclops (D:11)
  A manticore (D:8)
  2 deep elf magi
  7 elephants
  3 black mambas
  A merfolk siren (Lair:4)
  A gargoyle (D:10)
  A torpor snail (Lair:6)
  6 komodo dragons
  10 spiny frogs
  3 rime drakes
  A polar bear (Lair:6)
  3 trolls
  2 hornets
  4 hippogriffs
  A slime creature (D:11)
  5 dream sheep (Lair:6)
  10 blink frogs
  24 yaks
  2 wyverns
  3 wraiths (D:11)
  2 basilisks (Lair:6)
  2 hungry ghosts
  Grum (D:10)
  2 steam dragons (Lair:6)
  Menkaure (D:4)
  10 swamp worms (Lair:3)
  4 acid dragons
  11 water moccasins
  7 porcupines
  A swamp drake (Lair:6)
  4 ice beasts
  4 orc warriors
  A black bear (D:6)
  2 hell hounds (D:8)
  2 phantoms
  2 ogres
  11 wolves
  3 necrophages
  3 centaurs
  12 crocodiles
  A big kobold (D:8)
  13 bullfrogs
  2 wyvern skeletons
  A scorpion (D:9)
  A killer bee (D:11)
  4 wights (D:10)
  A vampire bat (D:6)
  4 electric eels (Lair:2)
  A bullfrog zombie (D:11)
  A centaur zombie (D:7)
  2 crimson imps
  A jelly (D:11)
  6 orc priests
  3 iguanas
  5 orc wizards
  A centaur skeleton (D:6)
  Natasha (thrice) (D:3)
  7 worker ants
  A howler monkey zombie (D:6)
  3 worker ant zombies
  11 adders
  8 gnolls
  2 howler monkey skeletons
  A shadow imp (D:10)
  2 oozes
  2 adder skeletons
  11 worms
  2 dart slugs
  5 leopard geckos
  33 orcs
  3 ball pythons
  5 giant cockroaches
  7 hobgoblins
  10 jackals
  7 kobolds
  6 quokkas
  10 bats
  4 frilled lizards
  7 goblins
  A jackal zombie (D:8)
  A leopard gecko zombie (D:5)
  A quokka skeleton (D:4)
  A rat (D:1)
  2 butterflies
  7 fungi
  6 plants
407 creatures vanquished.

Vanquished Creatures (collateral kills)
  An orc warrior (D:11)
  2 crocodiles (Lair:1)
  A bullfrog (Lair:1)
  3 killer bees (D:11)
7 creatures vanquished.

Vanquished Creatures (others)
  An unseen horror (D:11)
  A hippogriff (Lair:6)
  An adder (D:10)
  An orc (D:10)
  A fungus (Lair:6)
  13 plants
18 creatures vanquished.

Grand Total: 432 creatures vanquished

Notes
Turn   | Place    | Note
-------+----------+-------------------------------------------
     0 | D:1      | Gorglomux the Deep Dwarf Fighter began the quest for the Orb.
     0 | D:1      | Reached XP level 1. HP: 20/20 MP: 1/1
   195 | D:1      | Reached XP level 2. HP: 25/27 MP: 2/2
   622 | D:2      | Reached skill level 1 in Dodging
   656 | D:2      | Reached XP level 3. HP: 27/33 MP: 3/3
   762 | D:2      | Reached skill level 3 in Fighting
  1004 | D:2      | Reached XP level 4. HP: 14/42 MP: 4/4
  1480 | D:3      | Reached skill level 3 in Axes
  1518 | D:3      | Reached XP level 5. HP: 28/49 MP: 5/5
  1551 | D:3      | Found a shadowy altar of Dithmenos.
  1600 | D:3      | Noticed Natasha
  1603 | D:3      | Killed Natasha
  1625 | D:3      | Noticed Natasha
  1634 | D:3      | Killed Natasha
  1682 | D:3      | Noticed Natasha
  1688 | D:3      | Killed Natasha
  1688 | D:3      | Reached XP level 6. HP: 50/57 MP: 6/6
  2331 | D:4      | Found a white marble altar of Elyvilon.
  2509 | D:4      | Noticed Menkaure
  2517 | D:4      | Killed Menkaure
  2517 | D:4      | Reached skill level 3 in Dodging
  2764 | D:5      | Entered Level 5 of the Dungeon
  2895 | D:5      | Found Nieclad's Assorted Antiques.
  2915 | D:5      | Bought a scroll labeled UROOGUXOXER for 18 gold pieces
  2915 | D:5      | Bought a scroll labeled HOASEITTOPE for 18 gold pieces
  3230 | D:5      | Reached XP level 7. HP: 27/64 MP: 6/6
  3579 | D:6      | Noticed a troll
  3600 | D:6      | Killed a troll
  3766 | D:6      | Found a staircase to the Ecumenical Temple.
  3975 | D:6      | Reached XP level 8. HP: 47/73 MP: 5/5
  4668 | D:7      | Noticed a hornet
  4676 | D:7      | Paralysed by a hornet for 2 turns
  4680 | D:7      | Paralysed by a hornet for 3 turns
  4692 | D:7      | Killed a hornet
  4692 | D:7      | Reached skill level 6 in Armour
  4692 | D:7      | Reached skill level 6 in Shields
  4797 | Temple   | Entered the Ecumenical Temple
  4866 | Temple   | Became a worshipper of Makhleb the Destroyer
  5283 | D:8      | Reached skill level 6 in Axes
  5334 | D:8      | Gained mutation: You passively map the area around you. [Deep Dwarf growth]
  5334 | D:8      | Reached XP level 9. HP: 41/81 MP: 4/4
  5357 | D:8      | Reached skill level 1 in Invocations
  5358 | D:8      | Found a staircase to the Lair.
  5545 | D:8      | Reached * piety under Makhleb
  5566 | D:8      | Noticed a two-headed ogre
  5574 | D:8      | Killed a two-headed ogre
  5574 | D:8      | Reached skill level 6 in Fighting
  5574 | D:8      | Reached skill level 6 in Dodging
  5574 | D:8      | Reached skill level 3 in Invocations
  5604 | D:8      | Noticed a manticore
  5630 | D:8      | Killed a manticore
  5696 | D:8      | Noticed a troll
  5718 | D:8      | Killed a troll
  5812 | D:8      | Found Vaynij's Assorted Antiques.
  5815 | D:8      | Bought a potion of curing for 102 gold pieces
  5815 | D:8      | Bought a puce potion for 30 gold pieces
  5915 | D:8      | Reached XP level 10. HP: 72/92 MP: 4/4
  6495 | D:9      | Noticed a two-headed ogre
  6510 | D:9      | Killed a two-headed ogre
  6900 | D:9      | Reached ** piety under Makhleb
  6902 | D:9      | Reached skill level 6 in Invocations
  7025 | D:10     | Entered Level 10 of the Dungeon
  7028 | D:10     | Noticed a deep elf mage
  7057 | D:10     | Killed a deep elf mage
  7210 | D:10     | Noticed Urug
  7222 | D:10     | Killed Urug
  7235 | D:10     | Reached XP level 11. HP: 58/100 MP: 5/5
  7267 | D:10     | Found Ahouv's Book Shoppe.
  7366 | D:10     | Noticed Grum
  7386 | D:10     | Killed Grum
  7516 | D:11     | Noticed a deep elf mage
  7516 | D:11     | Noticed a skeletal warrior
  7574 | Lair:1   | Entered Level 1 of the Lair of Beasts
  7652 | Lair:1   | Reached skill level 9 in Shields
  7680 | Lair:1   | Reached *** piety under Makhleb
  7684 | Lair:1   | Reached skill level 9 in Armour
  7920 | Lair:1   | Noticed Erica
  7958 | Lair:1   | Killed Erica
  7983 | Lair:1   | Reached skill level 9 in Axes
  8541 | Lair:2   | Noticed a six-headed hydra
  8590 | Lair:2   | Killed a one-headed hydra
  8868 | Lair:2   | Found a frozen archway.
  8880 | Lair:2   | HP: 5/103 [rime drake/flash freeze (12)]
  8887 | Lair:2   | Reached skill level 9 in Dodging
  8915 | Lair:2   | Found a hole to the Spider Nest.
  9157 | Lair:2   | Reached XP level 12. HP: 59/110 MP: 3/3
  9725 | Lair:3   | Noticed a seven-headed hydra
  9734 | Lair:3   | Killed an eight-headed hydra
  9780 | Lair:3   | Reached skill level 9 in Invocations
 10024 | Lair:3   | Noticed a seven-headed hydra
 10033 | Lair:3   | Killed a four-headed hydra
 10151 | Lair:3   | Reached **** piety under Makhleb
 10402 | Lair:4   | Found a staircase to the Shoals.
 11412 | Lair:5   | Reached skill level 9 in Fighting
 11683 | Lair:5   | Noticed a four-headed hydra
 11699 | Lair:5   | Killed a one-headed hydra
 11699 | Lair:5   | Reached XP level 13. HP: 71/121 MP: 2/2
 12005 | Lair:6   | Entered Level 6 of the Lair of Beasts
 12205 | Lair:6   | Reached ***** piety under Makhleb
 12649 | Lair:6   | Noticed a fire dragon
 12685 | Lair:6   | Killed a fire dragon
 12950 | Lair:6   | Found a runed door.
 12951 | Lair:6   | Found a viscous altar of Jiyva.
 12952 | Lair:6   | Found a staircase to the Slime Pits.
 12952 | Lair:6   | Noticed an acid blob
 12952 | Lair:6   | Noticed an acid blob
 12952 | Lair:6   | Noticed an acid blob
 13217 | Lair:6   | Found a runed door.
 13552 | D:11     | Got a pitted gossamer ring
 13573 | D:11     | Identified the ring "Zom Fuly" {rElec MR+ Int+2 Stlth+} (You found it on level 11 of the Dungeon)
 13756 | D:11     | Slain by an orc warrior

Skill      XL: |  1  2  3  4  5  6  7  8  9 10 11 12 13 |
---------------+----------------------------------------+-----
Dodging        | 1 2 3 4 5 6 7 9 10 11 | 11.0
Fighting       | 3 4 5 6 7 8 9 |  9.8
Axes           | 3 4 6 7 8 9 10 11 | 11.3
Armour         | 4 5 6 7 8 9 10 11 | 11.4
Shields        | 4 5 6 7 8 9 10 11 | 11.4
Invocations    | 4 6 8 10 11 | 11.4

Action                   |  1- 3 |  4- 6 |  7- 9 | 10-12 | 13-15 || total
-------------------------+-------+-------+-------+-------+-------++-------
Melee: War axe           |   101 |   173 |   364 |   900 |   420 ||  1958
       Scimitar          |       |       |       |    40 |     6 ||    46
       Broad axe         |       |       |       |       |    22 ||    22
Invok: Minor Destruction |       |       |       |    13 |    11 ||    24
       Lesser Servant of |       |       |       |       |     1 ||     1
 Abil: Heal Wounds       |       |     6 |    19 |    33 |    14 ||    72
Evoke: Wand              |       |       |     3 |     9 |       ||    12
       Lamp of fire      |       |       |       |     1 |       ||     1
  Use: Scroll            |       |       |    12 |    18 |     2 ||    32
       Potion            |       |       |     1 |     1 |     3 ||     5
 Stab: Sleeping          |     1 |       |       |       |       ||     1
       Distracted        |       |       |       |     1 |       ||     1
  Eat: Chunk             |       |     8 |    13 |    22 |     7 ||    50
       Ration            |       |       |     1 |       |       ||     1
Armor: Scale mail        |    38 |    45 |       |       |       ||    83
       Chain mail        |       |    33 |   196 |   431 |   221 ||   881
       Skin              |       |       |     6 |       |    63 ||    69
Dodge: Dodged            |    26 |    70 |   184 |   551 |   241 ||  1072
Block: Shield            |    54 |   115 |   293 |   722 |   402 ||  1586
       Rpst.: Scimitar   |       |       |       |     7 |       ||     7
